 Dungeon Crawl Stone Soup version 0.31-a0-1025-g2e47921a08 (webtiles) character file.

Game seed: 12301018770262223126

355 olsaan the Slasher (level 6, 0/52 (55) HPs)
             Began as a Minotaur Berserker on Nov 15, 2023.
             Was a Priest of Trog.
             Slain by Crazy Yiuf
             ... wielding a +2 quarterstaff of chaos
              (11 damage)
             ... on level 3 of the Dungeon on Nov 17, 2023.
             The game lasted 00:15:08 (3237 turns).

olsaan the Slasher (Minotaur Berserker)             Turns: 3237, Time: 00:15:08

HP:   0/52 (55)     AC: 15    Str: 23    XL:     6   Next: 36%
MP:   5/5           EV:  4    Int:  4    God:    Trog [***...]
Gold: 127           SH:  0    Dex: 10    Spells: 5/5 levels left

rFire   + . .        a - +0 falchion
rCold   + . .        (no shield)
rNeg    . . .        k - +0 gold dragon scales
rPois   +            (helmet restricted)
rElec   .            (no cloak)
rCorr   .            c - +0 pair of gloves
SInv    .            (no boots)
Will    .....        (no amulet) Stlth
                     (no ring)
HPRegen 0.28/turn    (no ring)
MPRegen 0.09/turn

%: no passive effects
@: hasted and slowed, drained
A: horns 2, retaliatory headbutt
a: Renounce Religion, Berserk, Trog's Hand


You were on level 3 of the Dungeon.
You worshipped Trog.
Trog was most pleased with you.
You visited 1 branch of the dungeon, and saw 3 of its levels.

You collected 127 gold pieces.

Inventory:

Hand Weapons
 a - a +0 falchion (weapon)
Missiles
 e - 30 stones
Armour
 b - a +0 animal skin
 c - a +0 pair of gloves (worn)
 g - a +0 ring mail
 k - +0 gold dragon scales (worn)
 p - a +3 ring mail
Scrolls
 d - a scroll of vulnerability {unknown}
 h - 3 scrolls of fog
 j - a scroll of blinking {unknown}
 m - a scroll of enchant weapon {unknown}
 n - a scroll of amnesia {unknown}
Potions
 f - a potion of brilliance (quivered)
 o - a potion of attraction


   Skills:
 + Level 4.9 Fighting
 * Level 5.6 Long Blades
 + Level 2.0 Throwing
 * Level 4.5 Armour
 + Level 3.4 Dodging


You had 5 spell levels left.
You didn't know any spells.
Your spell library was empty.

Dungeon Overview and Level Annotations

Branches:
Dungeon (3/15)

Altars:

Annotations:
D:3 Crazy Yiuf


Innate Abilities, Weirdness & Mutations

You have a pair of horns on your head.
You reflexively headbutt those who attack you in melee.


Message History

Crazy Yiuf hits you with a +2 quarterstaff of chaos!
Crazy Yiuf draws strength from your wounds!
You barely miss Crazy Yiuf.
You headbutt Crazy Yiuf, but do no damage.
Crazy Yiuf is lightly wounded.
Crazy Yiuf hits you but does no damage.
You hit Crazy Yiuf.
Crazy Yiuf is moderately wounded.
Crazy Yiuf hits you with a +2 quarterstaff of chaos.
Crazy Yiuf grits, "Cake song sanguine!"
Crazy Yiuf is nearby!
Crazy Yiuf attacks as he pursues you!
Crazy Yiuf hits you with a +2 quarterstaff of chaos!
Crazy Yiuf burns you.
* * * LOW HITPOINT WARNING * * *
As you read the scroll labelled VUABOBB BYNWO, it dissolves into smoke.
It was a scroll of fog.
Crazy Yiuf attacks as he pursues you! Crazy Yiuf hits you but does no damage.
There is an open door here.
Crazy Yiuf attacks as he pursues you! Crazy Yiuf completely misses you.
As you read the scroll labelled HESOZX KEDOMN, it crumbles to dust.
It is a scroll of identify.
f - a potion of brilliance Crazy Yiuf hits you with a +2 quarterstaff of chaos.
* * * LOW HITPOINT WARNING * * *
Trog doesn't allow you to cast spells! Trog doesn't allow you to cast spells!
As you read the scroll of identify, it crumbles to dust.
l - a potion of haste Crazy Yiuf hits you but does no damage.
As you read the scroll of identify, it crumbles to dust.
o - a potion of attraction Crazy Yiuf hits you but does no damage.
You feel yourself speed up. Crazy Yiuf hits you but does no damage.
You feel yourself slow down.
You hit Crazy Yiuf. You headbutt Crazy Yiuf.
Crazy Yiuf is heavily wounded.
Crazy Yiuf says, "Earwax disdain hog!"
Crazy Yiuf hits you with a +2 quarterstaff of chaos!
You die...

#......#### #.........#
#.........#######
#...............#
#......########)#
########......# #.#
#........§....# #####.####
#.######.§§..## #........#
####.### ##§§@## #.###.##.##
#......# ##g## ###.........#
#.##.#.# ##§§§## #......#.#..#
#.##.#.# ##§§§§.###.#.###.##..#
#.#..#.###..§.§§.##.#.........#
#....#.##.........#.#.....###.#
#.......####....###............
#......## #....# #.#.....###.#
#...#### #.P..# #.#.#.#.###.#


You could see Crazy Yiuf.

Vanquished Creatures
  Sigmund (D:3)
  A scorpion (D:3)
  A sleepcap (D:3)
  4 adders
  A worm (D:3)
  A dart slug (D:3)
  An orc (D:3)
  6 bats
  6 endoplasms
  3 giant cockroaches (D:2)
  3 hobgoblins
  4 jackals (D:1)
  A quokka (D:1)
  3 ball pythons
  5 frilled lizards
  5 goblins
  7 kobolds
  15 rats
68 creatures vanquished.

Notes
Turn   | Place    | Note
-------+----------+-------------------------------------------
     0 | D:1      | olsaan the Minotaur Berserker began the quest for the Orb.
     0 | D:1      | Reached XP level 1. HP: 19/19 MP: 0/0
   109 | D:1      | Reached XP level 2. HP: 23/27 MP: 1/1
   113 | D:1      | Reached skill level 4 in Long Blades
  1066 | D:2      | Reached ** piety under Trog
  1122 | D:2      | Reached XP level 3. HP: 33/33 MP: 2/2
  1651 | D:2      | Reached XP level 4. HP: 40/40 MP: 3/3
  2093 | D:3      | Found a runed translucent door.
  2094 | D:3      | Noticed Crazy Yiuf
  2314 | D:3      | Noticed Sigmund
  2378 | D:3      | Upgraded the game from 0.31-a0-1009-g454b1f1e0a to
                  | 0.31-a0-1010-g5322dac6a2
  2577 | D:3      | Reached skill level 1 in Throwing
  2738 | D:3      | Reached *** piety under Trog
  2896 | D:3      | Noticed a scorpion
  2901 | D:3      | Killed a scorpion
  2902 | D:3      | Reached skill level 5 in Long Blades
  2902 | D:3      | Reached XP level 5. HP: 47/47 MP: 4/4
  3073 | D:3      | Upgraded the game from 0.31-a0-1010-g5322dac6a2 to
                  | 0.31-a0-1025-g2e47921a08
  3093 | D:3      | Killed Sigmund
  3094 | D:3      | Reached XP level 6. HP: 35/55 MP: 5/5
  3237 | D:3      | Slain by Crazy Yiuf

Illustrated notes

Levels and vault maps discovered:
D:1:      tarquinn_simple_flora_water_e, layout_basic
D:2:      layout_loops_ring, minmay_rat_gold_closets
D:3:      layout_loops_corners, grunt_ministairs_7,
          nicolae_concentric_dashed_squares_mild, hellmonk_no_cap,
          uniq_crazy_yiuf_cottage, uniq_sigmund

Skill      XL: |  1  2  3  4  5 |
---------------+----------------+-----
Long Blades    | 4 5 |  5.6
Fighting       | 4 |  4.9
Armour         | 3 4 |  4.5
Throwing       | 1 2 |  2.0
Dodging        | 3 |  3.4

Action                     |  1- 3 |  4- 6 || total
---------------------------+-------+-------++-------
  Melee: Falchion          |    92 |    75 ||   167
         Headbutt          |    10 |    13 ||    23
    Use: Scroll            |       |     4 ||     4
         Potion            |       |     1 ||     1
   Stab: Sleeping          |     1 |       ||     1
 Armour: Animal skin       |    20 |       ||    20
         Ring mail         |    29 |       ||    29
         Gold dragon scale |     3 |    84 ||    87
  Dodge: Dodged            |    57 |    15 ||    72

Table legend: (Time is in decaauts)
 A = Elapsed time spent in this place.
 B = Non-inter-level travel time spent in this place.
 C = Inter-level travel time spent in this place.
 D = Time resting spent in this place.
 E = Time spent auto-exploring this place.
 F = Levels seen in this place.
 G = Mean time per level.
                   A        B        C        D        E       F      G
               +--------+--------+--------+--------+--------+-----+--------+
         Total |   3250 |   2586 |    664 |    224 |   1862 |   3 | 1083.3 |
       Dungeon |   3250 |   2586 |    664 |    224 |   1862 |   3 | 1083.3 |
               +--------+--------+--------+--------+--------+-----+--------+

Top non-repeatable levels by time:
     D:3: 1168 daAuts
     D:1: 1047 daAuts
     D:2: 1034 daAuts
